 Dungeon Crawl Stone Soup version 0.22-a0-430-g6609fc6 (webtiles) character file.

9 Gorglomux the Ducker (level 2, -21/16 HPs)
             Began as a Spriggan Berserker on May 26, 2018.
             Killed by the fiery rage of Trog (35 damage)
             ... on level 2 of the Dungeon.
             The game lasted 00:02:03 (289 turns).

Gorglomux the Ducker (Spriggan Berserker)            Turns: 289, Time: 00:02:04

Health: -21/16     AC:  2    Str: 13    XL:     2   Next: 6%
Magic:  3/3        EV: 20    Int:  8    God:
Gold:   29         SH:  0    Dex: 15    Spells: 1/1 levels left

rFire    . . .     SeeInvis +   a - +0 short sword
rCold    . . .     Gourm    .   (shield restricted)
rNeg     . . .     Faith    .   b - +0 animal skin
rPois    .         Spirit   .   (helmet restricted)
rElec    .         Reflect  .   (no cloak)
rCorr    .         Harm     .   (gloves unavailable)
MR       .....                  (boots unavailable)
Stlth    +.........             (no amulet)
HPRegen  0.05/turn              (no ring)
MPRegen  0.08/turn              (no ring)

@: very quick
A: very small, unfitting armour, see invisible, herbivore, speed 3, slow
metabolism 2
a: no special abilities


You were on level 2 of the Dungeon.
You were not hungry.

You visited 1 branch of the dungeon, and saw 2 of its levels.

You collected 29 gold pieces.

Inventory:

Hand Weapons
 a - a +0 short sword (weapon)
Missiles
 d - 24 sling bullets
 e - 26 stones (quivered)
Armour
 b - a +0 animal skin (worn)
Scrolls
 g - a scroll of remove curse {unknown}
Potions
 f - 2 potions of heal wounds {unknown}
Comestibles
 c - a ration


   Skills:
 - Level 2.4 Fighting
 - Level 3.2 Short Blades
 + Level 5.3 Dodging


You had one spell level left.
You didn't know any spells.
Your spell library was empty.

Dungeon Overview and Level Annotations

Branches:
Dungeon (2/15)

Altars:


Innate Abilities, Weirdness & Mutations

You are very small and have problems with some larger weapons.
You are too small for most types of armour.
You have supernaturally acute eyesight. (SInv)
You are a herbivore.
You cover ground extremely quickly.
You need to consume almost no food.


Message History

The rat is moderately wounded!
The rat bites you!
You stick the rat like a pincushion!
You annihilate the rat!!!
You have reached level 2!!!
You perforate the hobgoblin like a sieve!
The hobgoblin is heavily wounded!
The hobgoblin hits you with a club!
You perforate the hobgoblin like a sieve!
You annihilate the hobgoblin!!!
There is a stone staircase leading down here!
Things that are here:
a club; a rat corpse No target in view!!!
You start butt!
You feel Trog'butts fiery rage upon butt!!!
There is a sudden and violent explosion of flames!!!
The fireball engulfs you!!!
DANG rip

..###.#<#
#(...#.#
#####.#.#.#
........#.#
#.........#
.#####.#.#
#.#.#
#.#.####.#
#@#.......
#....#
#$.#.....#
#....####.
#.#.# ..#.#
##....
....## ##
##


There were no monsters in sight!

Vanquished Creatures
  A dart slug (D:1)
  A leopard gecko (D:1)
  A goblin (D:1)
  A hobgoblin (D:2)
  A bat (D:2)
  2 rats (D:2)
7 creatures vanquished.

Notes
Turn   | Place    | Note
-------+----------+-------------------------------------------
     0 | D:1      | Gorglomux the Spriggan Berserker began the quest for the Orb.
     0 | D:1      | Reached XP level 1. HP: 11/11 MP: 2/2
     3 | D:1      | Fell from the grace of Trog
   120 | D:1      | Reached skill level 5 in Dodging
   216 | D:2      | Reached XP level 2. HP: 13/16 MP: 3/3
   289 | D:2      | Killed by the fiery rage of Trog

Vault maps used:
D:1:      sevenhm_arrival_forest_fort_large_2, grunt_decor_arrowhead
D:2:      grunt_qazlal_sundering, marbit_many_paths

Skill      XL: |  1 |
---------------+----+-----
Dodging        | 5 |  5.3
Fighting       | |  2.4
Short Blades   | |  3.2

Action                   || total
-------------------------++-------
Melee: Short sword       ||    25
Invok: Renounce Religion ||     1
Armor: Animal skin       ||     3
Dodge: Dodged            ||    23

Table legend:
 A = Spawn XP
 B = Non-spawn XP
 C = Spawn XP percentage of total XP
 D = Spawn monster count
 E = Non-spawn monster count
 F = Spawn count percentage of total count
 G = Total turns spent on level
                    A         B        C        D         E        F      G
               +---------+---------+-------+---------+---------+-------+---------
         Total |       0 |      14 |   0.0 |       0 |       7 |   0.0 |   289
               +---------+---------+-------+---------+---------+-------+---------
           D:1 |       0 |       9 |   0.0 |       0 |       3 |   0.0 |   194
           D:2 |       0 |       5 |   0.0 |       0 |       4 |   0.0 |    95
               +---------+---------+-------+---------+---------+-------+---------
